 Dungeon Crawl Stone Soup version 0.30-a0-578-gdee14c521f (webtiles) character file.

Game seed: 9182976074081873673

1394 ryw the Purveyor of Pain (level 8, -2/63 (67) HPs)
             Began as a Hill Orc Necromancer on Dec 31, 2022.
             Was an Initiate of Kikubaaqudgha.
             Slain by a gnoll sergeant
             ... wielding a +1 vampiric trident
              (8 damage)
             ... on level 5 of the Dungeon.
             The game lasted 00:16:58 (8661 turns).

ryw the Purveyor of Pain (Hill Orc Necromancer)     Turns: 8661, Time: 00:16:59

HP:   -2/63 (67)    AC:  4    Str: 11    XL:     8   Next: 68%
MP:   10/12         EV: 12    Int: 17    God:    Kikubaaqudgha [......]
Gold: 289           SH:  0    Dex: 11    Spells: 3/13 levels left

rFire   . . .      SeeInvis .    z - +3 battleaxe
rCold   . . .      Faith    +    (shield currently unavailable)
rNeg    . . .      Spirit   .    a - +0 robe
rPois   .          Reflect  .    s - +0 helmet
rElec   .          Harm     .    w - +0 cloak
rCorr   .          Rampage  .    (no gloves)
Will    ++...                    (no boots)
Stlth   ++                       h - amulet of faith
HPRegen 0.30/turn                e - ring of willpower
MPRegen 0.13/turn                k - ring of willpower

@: drained
A: no striking features
a: Renounce Religion


You were on level 5 of the Dungeon.
You worshipped Kikubaaqudgha.
Kikubaaqudgha was noncommittal.
You visited 1 branch of the dungeon, and saw 6 of its levels.

You collected 289 gold pieces.

Inventory:

Hand Weapons
 z - a +3 battleaxe (weapon)
Armour
 a - a +0 robe (worn)
 j - a +0 ring mail
 m - a scarf of repulsion
 s - a +0 helmet (worn)
 w - a +0 cloak (worn)
Jewellery
 e - a ring of willpower (left hand)
 h - an amulet of faith (around neck)
 k - a ring of willpower (right hand)
 v - an amulet of guardian spirit
 y - a ring of ice
Wands
 p - a wand of quicksilver (4)
 u - a wand of charming (10)
Scrolls
 c - a scroll of fog
 r - 2 scrolls of teleportation
 t - a scroll of amnesia
Potions
 b - a potion of magic
 d - a potion of berserk rage
 l - 2 potions of lignification
 x - a potion of haste


   Skills:
 + Level 4.4 Fighting
 * Level 6.0 Axes
 + Level 3.8 Armour
 - Level 2.0 Dodging
 - Level 1.5 Stealth
 + Level 3.2 Spellcasting
 + Level 2.0 Conjurations
 * Level 6.9 Necromancy
 + Level 0.0 Translocations


You had 3 spell levels left.
You knew the following spells:

 Your Spells              Type           Power      Damage    Failure   Level
a - Necrotise             Necr           100%       1d9       1%          1
b - Vampiric Draining     Necr           26%        2d7       3%          3
c - Animate Dead          Necr           26%        N/A       10%         4
d - Momentum Strike       Conj/Tloc      12%        3d8       17%         2

Your spell library contained the following spells:

 Spells                   Type           Power      Damage    Failure   Level
 Static Discharge         Conj/Air       12%        2-3/arc   17%         2
 Blink                    Tloc           6%         N/A       26%         2
 Ensorcelled Hibernation  Hex/Ice        4%         N/A       26%         2
 Lesser Beckoning         Tloc           6%         N/A       45%         3
 Spider Form              Tmut/Pois      2%         N/A       45%         3
 Vhi's Electric Charge    Tloc/Air       4%         N/A       45%         3
 Agony                    Necr           26%        N/A       26%         5
 Anguish                  Hex/Necr       7%         N/A       38%         4
 Arcjolt                  Conj/Air       3%         1d13      97%         5
 Lightning Bolt           Conj/Air       3%         1d14      97%         5


Dungeon Overview and Level Annotations

Branches:
Dungeon (6/15)
 Temple: D:4-7

Altars:
Elyvilon
Fedhas
Gozag
Hepliaklqana
Kikubaaqudgha
Nemelex Xobeh
Trog
Xom
Yredelemnul
The Shining One

Annotations:
D:3 1 runed translucent door, exclusion: scorpion, Crazy Yiuf
D:5 3 runed translucent doors, billz999's ghost, novice GnAE


Message History

You see here a +0 quarterstaff.
You see here a +0 quarterstaff.
Things that are here:
a +0 war axe; a +2 dagger of protection
There is an open door here.
You open the door.
An iguana comes into view.
There is an open door here.
A gnoll comes into view. It is wielding a +0 whip.
A gnoll sergeant and 3 gnolls come into view.
The gnoll sergeant is wielding a +1 vampiric trident.
There is an open door here.
There is a stone staircase leading up here.
The gnoll sergeant hits you but does no damage.
There is a stone staircase leading up here.
The gnoll sergeant hits you with a +1 vampiric trident!
You climb upwards.
Level annotation: 3 runed translucent doors, billz999's ghost, novice GnAE
There is a stone staircase leading down here.
You slash the gnoll sergeant!
The gnoll sergeant is moderately wounded.
The gnoll sergeant hits you with a +1 vampiric trident!
The gnoll sergeant barely misses you.
Casting: Momentum Strike (safe; 17% risk of failure)
Confirm with . or Enter, or press ? or * to list all spells.
Aiming: Momentum Strike (safe; 17% risk of failure)
Press: ? - help, Dir - move target, f - gnoll sergeant
Aim: a gnoll sergeant, wielding a +1 vampiric trident, wearing a +0 scale mail and wearing a +2 buckler (moderately wounded, 77% to hit)
The gnoll sergeant blocks the concentrated momentum.
The gnoll sergeant hits you with a +1 vampiric trident!
The gnoll sergeant draws strength from your wounds!
You closely miss the gnoll sergeant. The gnoll sergeant barely misses you.
The gnoll sergeant blocks your attack.
The gnoll sergeant hits you with a +1 vampiric trident!
The gnoll sergeant blocks your attack.
The gnoll sergeant hits you with a +1 vampiric trident!
* * * LOW HITPOINT WARNING * * *
The gnoll sergeant hits you with a +1 vampiric trident!
You die...
Kikubaaqudgha rasps: "You have failed me!
Welcome... death!"

#.#.#.#.#.#.##8.#
#'#'#'#'#'#[###.#
#.....)......'(.#
#'#'#'#'#'#'###.#####
#.#.#.#_#.#)##8.>.>.# #
###################.#
##########..#.#.## #.#
...........#.#.#.## #.#
##########.....g@.# #.# #
#.#.#.#.## ####.#
#........# #....#
#.#.#.#.## #.#### ###
######........# #.# ..#
#......#.#.#.## #.# #.#
#.####........#######.# #.#
#.# #.#.#.#.#...)....#
#.###.####.)....)..########


You could see a gnoll sergeant.

Vanquished Creatures
  A black bear (D:5)
  An ice beast (D:5)
  An ogre (D:5)
  A necrophage (D:5)
  2 scorpions (D:5)
  2 water moccasin zombies (D:5)
  5 wights
  2 jellies
  3 bullfrog zombies (D:5)
  2 hounds
  An orc priest (D:5)
  A human zombie (D:5)
  2 iguanas (D:5)
  2 scorpion zombies (D:5)
  Ijyb (D:4)
  A mummy (D:5)
  A hound zombie (D:5)
  2 howler monkey zombies (D:5)
  2 adders
  An ufetubus (D:5)
  5 worms
  5 dart slugs
  6 orcs
  8 ball pythons
  6 endoplasms
  3 giant cockroaches
  6 goblins
  6 hobgoblins
  A jackal (D:1)
  5 quokkas
  6 bats
  2 frilled lizards
  5 kobolds
  A rat (D:2)
99 creatures vanquished.

Vanquished Creatures (collateral kills)
  A bat (D:2)
  A frilled lizard (D:1)
2 creatures vanquished.

Grand Total: 101 creatures vanquished

Notes
Turn   | Place    | Note
-------+----------+-------------------------------------------
     0 | D:1      | ryw the Hill Orc Necromancer began the quest for the Orb.
     0 | D:1      | Reached XP level 1. HP: 14/14 MP: 3/3
   355 | D:1      | Reached XP level 2. HP: 22/22 MP: 1/4
   580 | D:1      | Found a faded altar of an unknown god.
   846 | D:2      | Reached skill level 1 in Fighting
   846 | D:2      | Reached XP level 3. HP: 22/28 MP: 0/5
  1068 | D:2      | Learned a level 3 spell: Vampiric Draining
  1401 | D:2      | Found a bloodstained altar of Trog.
  1903 | D:3      | Noticed a scorpion
  2011 | D:3      | Reached skill level 1 in Armour
  2011 | D:3      | Reached XP level 4. HP: 36/36 MP: 2/7
  2490 | D:3      | Found a runed translucent door.
  2491 | D:3      | Noticed Crazy Yiuf
  3158 | D:3      | Found a hazy altar of Hepliaklqana.
  3167 | D:3      | Found an opulent altar of Gozag.
  3834 | D:4      | Reached XP level 5. HP: 41/41 MP: 5/8
  3945 | D:4      | Noticed Ijyb
  3954 | D:4      | Killed Ijyb
  3955 | D:4      | Reached skill level 5 in Necromancy
  3969 | D:4      | Reached skill level 1 in Axes
  4057 | D:4      | Found a shimmering altar of Xom.
  4058 | D:4      | Found a shimmering altar of Xom.
  4059 | D:4      | Found a shimmering altar of Xom.
  4059 | D:4      | Found a shimmering altar of Xom.
  4201 | D:4      | Found a sparkling altar of Nemelex Xobeh.
  4277 | D:4      | Found a glowing golden altar of the Shining One.
  4733 | D:5      | Entered Level 5 of the Dungeon
  4862 | D:5      | Found a white marble altar of Elyvilon.
  4943 | D:5      | Reached XP level 6. HP: 48/50 MP: 6/9
  4991 | D:5      | Learned a level 4 spell: Animate Dead
  5163 | D:5      | Found a runed translucent gate.
  5163 | D:5      | Found a runed translucent gate.
  5163 | D:5      | Found a runed translucent gate.
  5163 | D:5      | Noticed billz999's ghost (novice GnAE)
  5165 | D:5      | Found a basalt altar of Yredelemnul.
  5356 | D:5      | Noticed an ice beast
  5370 | D:5      | Killed an ice beast
  5371 | D:5      | Reached XP level 7. HP: 45/57 MP: 3/10
  5493 | D:5      | Found a blossoming altar of Fedhas.
  6200 | D:5      | Learned a level 2 spell: Momentum Strike
  6447 | D:5      | Reached XP level 8. HP: 12/63 MP: 12/12
  6799 | D:5      | Reached skill level 5 in Axes
  6799 | D:5      | Reached skill level 1 in Conjurations
  6822 | D:5      | Found an ancient bone altar of Kikubaaqudgha.
  6835 | D:5      | Became a worshipper of Kikubaaqudgha
  7724 | D:5      | HP: 1/62 [wight/+2 dagger of protection (3)]
  8661 | D:5      | Slain by a gnoll sergeant

Illustrated notes

Levels and vault maps discovered:
D:1:      tekkud_arrival_beachfront_property, layout_loops_ring,
          hellmonk_ecumenical_altar_leap_of_faith, st_stairs_12,
          chequers_serial_rivers_small_b
D:2:      layout_loops_ring, basic_altar, minmay_liquid_box,
          amcnicky_mini_rare_corridor_liquid
D:3:      layout_loops_cross, mainiacjoe_overflow_swirl, minmay_misc_feat_alley,
          minmay_misc_feat_diagonals, chequers_arboretum, minmay_misc_feat_five,
          nicolae_concentric_dashed_squares_mild, uniq_crazy_yiuf_cottage
D:4:      kennysheep_big_flooded_room, layout_basic,
          nicolae_tso_carved_into_rock, xom_redecorated,
          mainiacjoe_overflow_surrounded_room, uniq_ijyb
D:5:      layout_loops_ring, lemuel_mausoleum_altar_kikubaaqudgha,
          nicolae_yredelemnul_ghost_church, marbit_many_paths,
          mainiacjoe_overflow_tiny_flanked, cheibrodos_sewer_entry_drain,
          st_stairs_12
D:6:      kennysheep_steamy, layout_basic, zin_angel,
          mainiacjoe_overflow_alcove_2, lemuel_coloured_pillars_altar,
          minmay_temple_entry_glass, minmay_misc_feat_cross

Skill      XL: |  1  2  3  4  5  6  7  8 |
---------------+-------------------------+-----
Fighting       | 1 2 3 4 |  4.4
Armour         | 1 2 3 |  3.8
Dodging        | 2 |  2.0
Spellcasting   | 2 3 |  3.2
Necromancy     | 5 6 |  6.9
Axes           | 2 3 4 6 |  6.0
Conjurations   | 2 |  2.0
Stealth        | |  1.5

Action                   |  1- 3 |  4- 6 |  7- 9 || total
-------------------------+-------+-------+-------++-------
Melee: Unarmed           |    10 |       |       ||    10
       Club              |    21 |     2 |       ||    23
       Punch             |     1 |       |     1 ||     2
       Dagger            |       |     4 |       ||     4
       War axe           |       |    54 |   136 ||   190
       Battleaxe         |       |       |    26 ||    26
 Cast: Necrotise         |    56 |    85 |     8 ||   149
       Vampiric Draining |       |     7 |     7 ||    14
       Momentum Strike   |       |       |    17 ||    17
  Use: Scroll            |     7 |     4 |     4 ||    15
       Potion            |       |       |     7 ||     7
 Stab: Sleeping          |       |     2 |     1 ||     3
Armor: Robe              |     9 |    25 |    50 ||    84
       Skin              |       |       |     1 ||     1
Dodge: Dodged            |    33 |    69 |   149 ||   251
       Repelled          |     2 |     1 |       ||     3

Table legend: (Time is in decaauts)
 A = Elapsed time spent in this place.
 B = Non-inter-level travel time spent in this place.
 C = Inter-level travel time spent in this place.
 D = Time resting spent in this place.
 E = Time spent auto-exploring this place.
 F = Levels seen in this place.
 G = Mean time per level.
                   A        B        C        D        E       F      G
               +--------+--------+--------+--------+--------+-----+--------+
         Total |   8752 |   8391 |    361 |   2098 |   4878 |   6 | 1458.7 |
       Dungeon |   8752 |   8391 |    361 |   2098 |   4878 |   6 | 1458.7 |
               +--------+--------+--------+--------+--------+-----+--------+

Top non-repeatable levels by time:
     D:5: 3483 daAuts
     D:3: 1804 daAuts
     D:4: 1369 daAuts
     D:2: 961 daAuts
     D:1: 865 daAuts
     D:6: 267 daAuts
